 Dungeon Crawl Stone Soup version 0.23-a0-844-gdc03e01 (webtiles) character file.

106 Lanoc the Skirmisher (level 4, -1/35 HPs)
             Began as a Demonspawn Fighter on Jan 27, 2019.
             Killed from afar by an orc wizard (8 damage)
             ... with a puff of flame
             ... on level 3 of the Dungeon.
             The game lasted 00:02:26 (1643 turns).

Lanoc the Skirmisher (Demonspawn Fighter)           Turns: 1643, Time: 00:02:27

Health: -1/35      AC:  9    Str: 22    XL:     4   Next: 55%
Magic:  4/4        EV:  8    Int:  9    God:
Gold:   138        SH:  9    Dex: 13    Spells: 3/3 levels left

rFire    . . .     SeeInvis .   a - +0 long sword
rCold    . . .     Gourm    .   c - +0 shield
rNeg     . . .     Faith    .   b - +0 scale mail
rPois    .         Spirit   .   (no helmet)
rElec    .         Reflect  .   (no cloak)
rCorr    .         Harm     .   (no gloves)
MR       .....                  (no boots)
Stlth    ..........             (no amulet)
HPRegen  0.11/turn              (no ring)
MPRegen  0.09/turn              (no ring)

@: mighty
A: molten scales 2
a: no special abilities


You were on level 3 of the Dungeon.
You were not hungry.

You visited 1 branch of the dungeon, and saw 3 of its levels.

You collected 138 gold pieces.

Inventory:

Hand Weapons
 a - a +0 long sword (weapon)
Armour
 b - a +0 scale mail (worn)
 c - a +0 shield (worn)
Scrolls
 e - 3 scrolls of identify {unknown}
 g - 2 scrolls of teleportation {unknown}
 j - a scroll of noise {unknown}
 k - a scroll of amnesia {unknown}
 m - a scroll of immolation {unknown}
 n - 3 scrolls of remove curse {unknown}
 p - a scroll of blinking {unknown}
 r - a scroll of enchant armour {unknown}
Potions
 h - 2 potions of cancellation {unknown}
 i - a potion of curing {unknown}
 l - a potion of agility {unknown}
 o - a potion of lignification {unknown}
Comestibles
 f - 3 rations


   Skills:
 + Level 3.5 Fighting
 * Level 3.1 Long Blades
 + Level 3.2 Armour
 + Level 1.4 Dodging
 - Level 2.6 Shields


You had 3 spell levels left.
You didn't know any spells.
Your spell library contained the following spells:

 Spells                   Type           Power        Failure   Level  Hunger
 Corpse Rot               Necr           N/A          100%        2    ###....
 Sublimation of Blood     Necr           #.........   100%        2    ###....
 Agony                    Necr           #.......     100%        5    ######.
 Bolt of Draining         Conj/Necr      #.........   100%        5    ######.
 Dispel Undead            Necr           #.......     100%        5    ######.
 Excruciating Wounds      Chrm/Necr      #.........   100%        5    ######.


Dungeon Overview and Level Annotations

Branches:
Dungeon (3/15)

Altars:
Wu Jian


Innate Abilities, Weirdness & Mutations

You are mostly covered in molten scales. (AC +3)


Message History

The orc hits you but does no damage. You block the orc's attack.
The orc hits you.
You slash the orc!
You kill the orc!
Something completely misses you. The orc closely misses you.
You block the orc's attack. Something hits you but does no damage.
You closely miss something. You block the orc's attack. x2
Something hits you.
* * * LOW HITPOINT WARNING * * *
The orc hits you but does no damage.
You closely miss the orc. The orc hits you but does no damage.
You hear some strange, mumbled words.
Something tries to affect you, but you resist.
The orc hits you but does no damage. x2
You slash the orc!
You kill the orc!
You hear some strange, mumbled words.
A puff of flame appears from out of thin air!
The puff of flame hits you!
You die...

#########
......)@#############
......{o[...........#
......[.#####.##....####
......$.# #..+...)....
........# ####....####
.^...(..# #....#
######+## ######
###########


You could see an orc.

Vanquished Creatures
  An iguana (D:2)
  2 adders (D:2)
  2 worms (D:2)
  3 dart slugs (D:1)
  A leopard gecko (D:2)
  3 orcs (D:3)
  7 bats
  3 giant cockroaches
  4 goblins
  2 hobgoblins
  6 jackals
  2 ball pythons (D:2)
  2 frilled lizards (D:2)
  5 kobolds
  5 rats
48 creatures vanquished.

Notes
Turn   | Place    | Note
-------+----------+-------------------------------------------
     0 | D:1      | Lanoc the Demonspawn Fighter began the quest for the Orb.
     0 | D:1      | Reached XP level 1. HP: 18/18 MP: 1/1
   192 | D:1      | Gained mutation: You are partially covered in molten
                  | scales. (AC +2) [demonic ancestry]
   192 | D:1      | Reached XP level 2. HP: 20/24 MP: 2/2
   598 | D:2      | Reached skill level 1 in Dodging
   598 | D:2      | Gained mutation: You are mostly covered in molten scales.
                  | (AC +3) [demonic ancestry]
   598 | D:2      | Reached XP level 3. HP: 19/29 MP: 3/3
   922 | D:2      | Reached XP level 4. HP: 10/35 MP: 4/4
  1204 | D:2      | Found an ornate altar of the Wu Jian Council.
  1643 | D:3      | Killed from afar by an orc wizard

Vault maps used:
D:1:      minmay_arrival_loop
D:2:      old_standard_altar, first_ration
D:3:      lightli_corner_chamber

Skill      XL: |  1  2  3  4 |
---------------+-------------+-----
Long Blades    | 2 3 |  3.1
Armour         | 3 |  3.2
Dodging        | 1 |  1.4
Fighting       | |  3.5
Shields        | |  2.6

Action                   |  1- 3 |  4- 6 || total
-------------------------+-------+-------++-------
Melee: Long sword        |   110 |    55 ||   165
  Use: Potion            |       |     1 ||     1
  Eat: Chunk             |       |     3 ||     3
Armor: Scale mail        |    58 |    40 ||    98
Dodge: Dodged            |    37 |    21 ||    58
Block: Shield            |    69 |    27 ||    96
       Rpst.: Long sword |    12 |     5 ||    17

Table legend:
 A = Non-vault XP
 B = Vault XP
 C = Vault XP percentage of total XP
 D = Non-vault monster count
 E = Vault monster count
 F = Vault count percentage of total count
                 A         B        C        D         E       F
            +---------+---------+-------+---------+---------+-------
      Total |     152 |       0 |   0.0 |      48 |       0 |   0.0
            +---------+---------+-------+---------+---------+-------
        D:1 |      31 |       0 |   0.0 |      16 |       0 |   0.0
        D:2 |      96 |       0 |   0.0 |      20 |       0 |   0.0
        D:3 |      25 |       0 |   0.0 |      12 |       0 |   0.0
            +---------+---------+-------+---------+---------+-------
